 Dungeon Crawl Stone Soup version 0.18.1-6-gd335043 (webtiles) character file.

62 Hipnos the Shield-Bearer (level 4, -2/29 HPs)
             Began as a Gargoyle Fighter on May 15, 2016.
             Slain by a gnoll
             ... wielding a cursed -2 flail
              (11 damage)
             ... on level 1 of the Dungeon.
             The game lasted 00:02:04 (909 turns).

Hipnos the Shield-Bearer (Gargoyle Fighter)          Turns: 909, Time: 00:02:05

Health: -2/29      AC: 11    Str: 21    XL:     4   Next: 8%
Magic:  4/4        EV:  7    Int:  8    God:
Gold:   43         SH:  9    Dex:  9    Spells: 0 memorised, 3 levels left

rFire  . . .     SeeInvis .     a - +0 flail
rCold  . . .     Gourm    .     b - +0 scale mail
rNeg   + . .     Faith    .     c - +0 shield
rPois  ∞         Spirit   .     e - +1 hat
rElec  +         Dismiss  .     (no cloak)
rCorr  .         Reflect  .     (no gloves)
SustAt .         Harm     .     (no boots)
MR     .....                    (no amulet)
Stlth  ..........               (no ring)
                                (no ring)

@: not resistant to hostile enchantments, extremely unstealthy
A: negative energy resistance 1, electricity resistance, unbreathing,
petrification resistance, rot immunity, AC +3
a: no special abilities


You were on level 1 of the Dungeon.
You were not hungry.

You visited 1 branch of the dungeon, and saw 2 of its levels.

You collected 43 gold pieces.

Inventory:

Hand Weapons
 a - a +0 flail (weapon)
Armour
 b - a +0 scale mail (worn)
 c - a +0 shield (worn)
 e - a +1 hat (worn)
Scrolls
 g - a scroll of fear {unknown}
 h - 3 scrolls of identify {unknown}
 i - a scroll of teleportation {unknown}
 k - 2 scrolls of amnesia {unknown}
 n - 2 scrolls of blinking {unknown}
 q - a scroll of enchant armour {unknown}
Potions
 d - a potion of might
 j - a potion of heal wounds {unknown}
 l - a potion of haste {unknown}
 m - 2 potions of ambrosia {unknown}
 p - a potion of flight {unknown}
 r - a potion of berserk rage {unknown}
Comestibles
 f - a bread ration
 o - 4 fruits
 s - a beef jerky


   Skills:
 + Level 3.9 Fighting
 * Level 2.4 Maces & Flails
 * Level 3.8 Armour
 + Level 4.0 Shields


You had 3 spell levels left.
You didn't know any spells.

Dungeon Overview and Level Annotations

Branches:
Dungeon (2/15)

Altars:
Ashenzari


Innate Abilities, Weirdness & Mutations

You are resistant to torment.
Your stone body is resilient (AC +3).
You are immune to poison.
You resist negative energy.
You are resistant to electric shocks.
You can survive without breathing.
You are immune to petrification.
You are immune to rotting.


Message History

There is a stone staircase leading down here.
You hit the gnoll.
The gnoll is heavily wounded.
The gnoll closely misses you.
You closely miss the gnoll.
The gnoll is heavily wounded.
The gnoll hits you but does no damage.
You sock the gnoll!
The gnoll is almost dead.
The gnoll hits you but does no damage.
You closely miss the gnoll.
The gnoll is almost dead.
The gnoll barely misses you. The gnoll hits you but does no damage.
You barely miss the gnoll.
The gnoll is almost dead.
The gnoll hits you with a flail.
You closely miss the gnoll.
The gnoll is almost dead.
The gnoll hits you with a flail!
You die...

######### #.......#
#.......### #..........
#########...##....
#####.................
#..........##...##....
#......###.#...#......
#....@................
#....g.#.#.#...#......
#......#.#.#...#......
#......#.#.#...#######
#.....[..#.#...#######
####.......#..........
#####.......###........
#...#......## #........
#...#......# #........


You could see a gnoll.

Vanquished Creatures
  3 gnolls (D:2)
  An ooze (D:1)
  2 dart slugs (D:1)
  2 giant geckos
  A bat (D:1)
  4 giant cockroaches
  A goblin (D:1)
  2 hobgoblins
  A kobold (D:2)
  A giant newt (D:2)
  5 rats
23 creatures vanquished.

Notes
Turn   | Place    | Note
--------------------------------------------------------------
     0 | D:1      | Hipnos the Gargoyle Fighter began the quest for the Orb.
     0 | D:1      | Reached XP level 1. HP: 14/14 MP: 1/1
    74 | D:1      | Found a shattered altar of Ashenzari.
   178 | D:1      | Reached XP level 2. HP: 14/19 MP: 2/2
   637 | D:1      | Reached XP level 3. HP: 23/23 MP: 3/3
   879 | D:2      | Reached skill level 4 in Shields
   890 | D:2      | Reached XP level 4. HP: 18/29 MP: 4/4
   909 | D:1      | Slain by a gnoll

Skill      XL: |  1  2  3 |
---------------+----------+-----
Shields        | 4 |  4.0
Fighting       | |  3.9
Maces & Flails | |  2.4
Armour         | |  3.8

Action                   |  1- 3 |  4- 6 || total
-------------------------+-------+-------++-------
Melee: Flail             |    97 |     7 ||   104
Armor: Scale mail        |    75 |     3 ||    78
Dodge: Dodged            |    43 |     3 ||    46
Block: Shield            |    81 |     1 ||    82
